 Dungeon Crawl Stone Soup version 0.24.0-125-gc4c63601f3 (webtiles) character file.

Game seed: 12793000562805073896, levelgen mode: deterministic

17 Descartes the Scratcher (level 2, -3/13 HPs)
             Began as a Felid Wanderer on Feb 29, 2020.
             Slain by an adder (4 damage)
             ... on level 2 of the Dungeon.
             The game lasted 00:01:08 (782 turns).

Descartes the Scratcher (Felid Wanderer)             Turns: 782, Time: 00:01:08

Health: -3/13      AC:  1    Str:  9    XL:     2   Next: 44%
Magic:  3/3        EV: 16    Int: 14    God:
Gold:   54         SH:  0    Dex: 13    Spells: 1/1 levels left
                                        Lives:  0   Deaths: 0

rFire    . . .     SeeInvis +     - Unarmed
rCold    . . .     Gourm    .   (shield unavailable)
rNeg     . . .     Faith    .   (armour unavailable)
rPois    .         Spirit   .   (helmet unavailable)
rElec    .         Reflect  .   (cloak unavailable)
rCorr    .         Harm     .   (gloves unavailable)
MR       .....                  (boots unavailable)
Stlth    ++........             (no amulet)
HPRegen  0.04/turn              (no ring)
MPRegen  0.08/turn              (no ring)

@: lethally poisoned (-3 -> -15), quick
A: very small, no armour, no weapons or thrown items, stealth, claws 1, fangs 3,
see invisible, carnivore, speed 1, shaggy fur 1, slow metabolism 1, sharp paws
a: no special abilities


You were on level 2 of the Dungeon.
You were completely stuffed.

You visited 1 branch of the dungeon, and saw 2 of its levels.

You collected 54 gold pieces.

Inventory:

Missiles
 i - 12 stones
Scrolls
 b - a scroll of blinking
 d - a scroll of teleportation
 h - 2 scrolls of identify {unknown}
 j - a scroll of fog {unknown}
 l - a scroll of random uselessness {unknown}
 n - a scroll of remove curse {unknown}
Potions
 a - a potion of haste
 c - a potion of lignification
 e - a potion of agility {unknown}
 g - a potion of heal wounds {unknown}
 m - a potion of curing {unknown}
Comestibles
 f - 3 rations
 k - 3 chunks of flesh


   Skills:
 + Level 2.2 Fighting
 + Level 1.1 Dodging
 + Level 2.0 Stealth
 * Level 3.3 Unarmed Combat
   Level 1.5 Hexes
   Level 1.7 Ice Magic
   Level 1.1 Evocations


You had one spell level left.
You didn't know any spells.
Your spell library was empty.

Dungeon Overview and Level Annotations

Branches:
Dungeon (2/15)

Altars:
Xom


Innate Abilities, Weirdness & Mutations

You cannot wear armour.
You are incapable of wielding weapons or throwing items.
Your paws allow you to move quietly. (Stealth)
You have sharp claws.
You have razor-sharp teeth.
You have supernaturally acute eyesight. (SInv)
You are carnivorous and can eat meat at any time.
You cover ground quickly.
You are covered in fur. (AC +1)
You have a slow metabolism.
Your sharp claws are effective at attacking unaware monsters.


Message History

The adder closely misses you.
You closely miss the adder. Your bite misses the adder. The adder misses you.
You closely miss the adder. The adder bites you.
You are poisoned.
The adder poisons you!
You scratch the adder but do no damage.
You feel sick. The adder completely misses you.
You barely miss the adder. The adder misses you. The adder bites you.
* * * LOW HITPOINT WARNING * * *
You are more poisoned.
The adder poisons you!
You scratch the adder.
The adder is moderately wounded.
* * * LOW HITPOINT WARNING * * *
You feel sick. The adder barely misses you.
You closely miss the adder.
The adder is moderately wounded.
* * * LOW HITPOINT WARNING * * *
You feel sick. The adder bites you.
You die...

#########≈
#........≈ #
#........§
#.###.........
#...<........≈
#...........§≈
#.....@###...
.........S.....≈
................≈
.................
.................
..#.....#.......#
#..####........
#.. .........


You could see an adder.

Vanquished Creatures
  A leopard gecko (D:1)
  5 bats (D:1)
  A giant cockroach (D:1)
  3 goblins (D:1)
  2 hobgoblins (D:1)
  A kobold (D:1)
  A frilled lizard (D:1)
14 creatures vanquished.

Notes
Turn   | Place    | Note
-------+----------+-------------------------------------------
     0 | D:1      | Descartes the Felid Wanderer began the quest for the Orb.
     0 | D:1      | Descartes set off with the following items: a potion of
                  | haste, a scroll of blinking, a potion of lignification, a
                  | scroll of teleportation, a ration
     0 | D:1      | Reached XP level 1. HP: 9/9 MP: 2/2
   326 | D:1      | Reached XP level 2. HP: 13/13 MP: 3/3
   446 | D:1      | Reached skill level 1 in Dodging
   697 | D:1      | Found a shimmering altar of Xom.
   782 | D:2      | Slain by an adder

Levels and vault maps discovered:
D:1:      dpeg_arrival_erosion, layout_loops_corners, xom_teletrap_fun
D:2:      layout_basic, lightli_temple_of_fire,
          chequers_temple_overflow_minitemple, first_ration

Skill      XL: |  1  2 |
---------------+-------+-----
Dodging        | 1 |  1.1
Stealth        | 2 |  2.0
Fighting       | |  2.2
Unarmed Combat | |  3.3
Hexes          | |  1.5
Ice Magic      | |  1.7
Evocations     | |  1.1

Action                   || total
-------------------------++-------
Melee: Unarmed           ||    41
       Bite              ||     1
 Stab: Sleeping          ||     3
  Eat: Chunk             ||     7
Armor: Skin              ||     6
Dodge: Dodged            ||    47
